Map: Ice and Chrome LE

Players

Namshar - Winner!

  • Race: Zerg Zerg
  • League: Master
  • Spawn Location: 1:00

DisK

  • Race: Protoss Protoss
  • League: Grandmaster
  • Spawn Location: 7:00

Event: DreamHack SC2 Masters 2020 Fall

VOD

Have the link to the VOD?

Description

Time

  • Played on: Sept. 6, 2020, 3:19 p.m.
  • Length: 22:35

All games in this series

Show
View Real Time Build Order
Export as new Build Order

Namshar Zerg - Winner!

Build Orders: Pool First, Lurkers, Roach Hydra 

Get SALT Encoding   

  12  0:00  Drone  
  13  0:12  Overlord  
  13  0:17  Drone  
  14  0:30  Drone x2  
  16  0:43  Spawning Pool  
  16  0:44  Drone  
  16  0:48  Drone  
  17  1:10  Hatchery  
  16  1:14  Drone  
  17  1:29  Zergling x6  
  20  1:47  Queen  
  20  1:48  Extractor  
  22  2:02  Hatchery  
  22  2:05  Overlord  
  21  2:08  Drone  
  22  2:23  Queen  
  24  2:31  Drone x3  
  27  2:48  Drone, Hatchery  
  26  2:54  Metabolic Boost  
  26  2:57  Drone x3  
  29  3:06  Drone  
  29  3:11  Drone  
  30  3:14  Queen  
  30  3:19  Drone x2  
  34  3:26  Overlord  
  34  3:32  Drone  
  35  3:44  Drone  
  35  3:46  Drone x6  
  42  3:49  Overlord  
  42  3:52  Queen  
  44  4:02  Drone x4  
  48  4:11  Roach Warren  
  48  4:15  Drone x3  
  50  4:18  Drone  
  50  4:21  Overlord  
  51  4:26  Lair  
  51  4:29  Extractor  
  50  4:32  Drone x2  
  50  4:33  Drone x2, Overlord  
  54  4:43  Drone x8  
  62  4:51  Evolution Chamber  
  61  4:53  Drone, Overlord  
  61  4:54  Drone x2  
  61  4:55  Spore Crawler  
  61  4:58  Spore Crawler  
  61  4:59  Spore Crawler  
  61  5:05  Drone x2  
  61  5:06  Drone x2  
  66  5:07  Drone  
  66  5:12  Queen  
  68  5:14  Drone x3  
  68  5:17  Zerg Missile Weapons Level 1  
  68  5:18  Extractor  
  70  5:22  Overlord x2  
  70  5:24  Glial Reconstitution  
  70  5:27  Overseer  
  70  5:31  Extractor x2  
  70  5:32  Drone  
  70  5:33  Drone, Extractor  
  70  5:35  Drone x2  
  71  5:36  Drone  
  71  5:37  Drone x2  
  71  5:39  Overlord x2  
  71  5:41  Drone  
  71  5:42  Drone  
  76  5:43  Drone  
  76  5:44  Drone  
  76  5:47  Drone  
  76  5:49  Hydralisk Den  
  80  5:50  Roach  
  80  5:57  Hatchery  
  80  6:02  Overlord  
  79  6:05  Roach x3  
  79  6:11  Overlord x2  
  85  6:12  Pneumatized Carapace, Overlord  
  85  6:17  Roach x2  
  89  6:19  Overseer  
  88  6:27  Ravager x2  
  88  6:31  Roach x4  
  98  6:36  Grooved Spines  
  98  6:46  Drone x14  
  112  6:53  Overlord  
  112  6:56  Queen  
  112  6:59  Overseer x2  
  114  7:03  Overlord  
  114  7:06  Hydralisk  
  114  7:07  Hydralisk x4  
  124  7:15  Queen  
  126  7:17  Extractor  
  126  7:19  Extractor, Hydralisk x5  
  134  7:23  Overlord  
  134  7:24  Overlord  
  134  7:35  Hydralisk  
  134  7:36  Hydralisk x4  
  144  7:47  Hydralisk x2, Muscular Augments  
  144  7:50  Drone, Overlord  
  144  7:51  Infestation Pit, Overlord x4  
  149  7:57  Drone  
  149  7:58  Lurker Den  
  149  8:00  Hydralisk x3  
  154  8:09  Drone  
  154  8:10  Drone x3  
  158  8:16  Hatchery  
  158  8:18  Hydralisk x6  
  168  8:23  Zergling x8  
  172  8:28  Zerg Missile Weapons Level 2  
  172  8:30  Hive  
  172  8:33  Drone  
  172  8:34  Drone x2  
  174  8:39  Zergling x8  
  176  8:41  Extractor  
  176  8:47  Ravager  
  176  8:55  Overseer  
  176  9:04  Hydralisk  
  176  9:05  Hydralisk x10, Overseer  
  197  9:10  Overseer  
  197  9:16  Overlord x3  
  190  9:29  Hydralisk x2  
  190  9:30  Overlord, Zergling x8, Overseer  
  190  9:31  Overlord  
  196  9:34  Extractor  
  192  9:43  Hydralisk, Zergling x2  
  192  9:44  Zergling x14  
  200  9:46  Seismic Spines  
  200  9:57  Spine Crawler  
  200  9:59  Spine Crawler  
  198  10:09  Drone x2  
  198  10:10  Evolution Chamber  
  198  10:12  Lurker, Spore Crawler  
  198  10:13  Lurker, Spine Crawler  
  199  10:14  Spine Crawler  
  199  10:16  Overseer  
  199  10:17  Overseer  
  198  10:21  Lurker  
  198  10:22  Lurker  
  200  10:41  Hydralisk x10  
  197  10:43  Adaptive Talons  
  181  11:12  Zerg Missile Weapons Level 3  
  181  11:13  Zerg Ground Armor Level 1  
  181  11:15  Lurker x10  
  191  11:19  Lurker  
  191  11:20  Lurker x3  
  191  11:22  Hydralisk x2  
  197  11:40  Hatchery  
  196  11:50  Overseer x4  
  196  11:52  Drone  
  197  12:00  Drone x2, Overseer  
  197  12:01  Drone x2  
  185  12:32  Hydralisk x4  
  189  13:02  Hatchery  
  189  13:03  Overseer  
  181  13:11  Hydralisk x8  
  179  13:16  Hydralisk x10, Spire  
  194  13:27  Lurker x5  
  194  13:33  Overseer  
  196  13:47  Hydralisk x10  
  185  13:50  Drone x11  
  189  14:03  Lurker  
  189  14:10  Drone  
  189  14:11  Drone  
  189  14:12  Infestation Pit  
  190  14:20  Lurker  
  190  14:21  Lurker x3  
  190  14:24  Hydralisk  
  190  14:25  Zergling x20  
  196  14:43  Hydralisk x2  
  200  14:49  Overseer  
  187  15:02  Hydralisk  
  187  15:03  Hydralisk x5  
  191  15:18  Hydralisk x8  
  165  15:23  Hydralisk x10  
  165  15:24  Hydralisk x5  
  179  15:31  Overseer x3  
  179  15:32  Overlord x2  
  179  15:33  Zerg Ground Armor Level 2, Zerg Melee Weapons Level 1  
  179  15:34  Greater Spire  
  174  15:36  Baneling Nest  
  174  15:37  Drone  
  174  15:40  Lurker x2  
  174  15:41  Lurker x6  
  179  15:46  Queen  
  179  15:47  Queen  
  179  15:49  Drone  
  184  15:50  Drone x3  
  184  15:51  Drone  
  184  15:52  Drone  
  184  15:56  Lurker x3  
  184  15:57  Lurker  
  193  15:59  Zergling x14  
  194  16:20  Overseer x2  
  178  16:50  Hydralisk  
  180  17:09  Hatchery  
  179  17:18  Overseer  
  179  17:20  Zerg Flyer Weapons Level 1  
  179  17:22  Centrifical Hooks  
  176  17:38  Zergling x20  
  176  17:57  Lurker x6  
  166  18:15  Spine Crawler  
  166  18:17  Spine Crawler, Spore Crawler  
  158  18:20  Spine Crawler  
  158  18:24  Hydralisk x7  
  168  18:30  Extractor x2  
  163  18:41  Hydralisk x4  
  161  18:42  Overlord x3  
  161  18:43  Overlord  
  160  18:55  Overlord  
  160  18:56  Overlord x2  
  130  19:38  Hydralisk, Overlord  
  130  19:42  Hydralisk Den  
  89  20:13  Hydralisk  
  89  20:14  Hydralisk x17  
  89  20:17  Overseer x2  
  89  20:18  Overseer x2  
  89  20:20  Lurker  
  89  20:21  Lurker x5  
  130  20:22  Lurker x2  
  130  20:24  Hatchery  
  130  20:25  Corruptor x4  
  140  20:43  Corruptor x2  
  140  20:44  Corruptor x2  
  124  21:11  Corruptor  
  126  21:20  Brood Lord x6  
  135  21:44  Brood Lord  
  135  21:45  Corruptor x4, Brood Lord  
  135  21:46  Overlord x2  
  147  22:03  Zergling x2, Hatchery  
  147  22:04  Zergling x26  
  160  22:11  Overseer  
  160  22:20  Extractor  
  159  22:25  Extractor  
Show
View Real Time Build Order
Export as new Build Order

DisK Protoss 

Build Orders:  

Get SALT Encoding   

  12  0:00  Probe  
  13  0:13  Probe  
  14  0:20  Pylon  
  14  0:25  Probe  
  15  0:38  Probe (Chrono Boost)  
  15  0:39  Gateway  
  16  0:47  Probe (Chrono Boost)  
  17  0:50  Assimilator  
  17  0:52  Probe (Chrono Boost)  
  18  1:04  Probe  
  19  1:19  Probe  
  19  1:24  Pylon  
  19  1:25  Zealot (Chrono Boost)  
  20  1:27  Cybernetics Core  
  20  1:31  Probe  
  23  1:40  Pylon  
  22  2:06  Nexus  
  22  2:09  Adept (Chrono Boost)  
  24  2:23  Assimilator  
  24  2:27  Probe  
  25  2:32  Stalker  
  27  2:39  Warp Gate, Probe  
  28  2:51  Probe  
  27  3:03  Probe  
  28  3:11  Stargate  
  28  3:18  Probe (Chrono Boost)  
  30  3:20  Probe (Chrono Boost)  
  30  3:24  Gateway  
  31  3:28  Probe (Chrono Boost)  
  31  3:29  Probe (Chrono Boost)  
  31  3:31  Adept  
  34  3:35  Shield Battery  
  34  3:36  Probe (Chrono Boost)  
  34  3:37  Probe (Chrono Boost)  
  36  3:44  Probe  
  36  3:45  Probe  
  36  3:48  Void Ray  
  42  3:56  Probe  
  42  3:57  Probe  
  42  4:01  Pylon  
  44  4:08  Assimilator  
  44  4:09  Probe (Chrono Boost)  
  46  4:10  Assimilator, Probe (Chrono Boost)  
  46  4:15  Robotics Facility  
  46  4:21  Probe (Chrono Boost)  
  48  4:27  Probe (Chrono Boost)  
  48  4:29  Probe (Chrono Boost)  
  49  4:34  Probe (Chrono Boost)  
  49  4:35  Probe  
  51  4:42  Zealot  
  53  4:46  Nexus  
  53  4:48  Pylon  
  53  4:53  Probe  
  53  4:59  Pylon  
  54  5:06  Probe  
  55  5:11  Fleet Beacon  
  55  5:13  Probe  
  56  5:16  Observer  
  56  5:18  Sentry x2, Probe  
  62  5:25  Probe  
  63  5:30  Probe  
  63  5:32  Twilight Council  
  63  5:34  Forge  
  64  5:37  Immortal (Chrono Boost)  
  64  5:38  Probe  
  69  5:43  Probe  
  69  5:45  Shield Battery  
  70  5:57  Gateway  
  70  5:58  Protoss Ground Weapons Level 1  
  70  5:59  Gateway  
  71  6:04  Probe x2 (Chrono Boost)  
  71  6:05  Probe (Chrono Boost)  
  71  6:07  Blink (Chrono Boost)  
  73  6:14  Probe x2 (Chrono Boost)  
  73  6:16  Probe (Chrono Boost)  
  76  6:24  Mothership (Chrono Boost)  
  85  6:32  Pylon  
  85  6:33  Pylon  
  85  6:35  Probe (Chrono Boost)  
  85  6:41  Observer  
  85  6:46  Shield Battery  
  85  6:49  Gateway  
  85  6:50  Gateway, Probe x2  
  85  6:52  Observer  
  85  6:53  Assimilator  
  85  6:54  Assimilator  
  87  6:56  Stalker x2  
  91  7:04  Warp Prism, Probe (Chrono Boost)  
  94  7:11  Pylon  
  94  7:14  Probe (Chrono Boost), Pylon  
  95  7:19  Robotics Bay  
  95  7:20  Probe (Chrono Boost)  
  95  7:30  Nexus  
  95  7:32  Pylon  
  95  7:35  Robotics Facility  
  95  7:39  Pylon  
  95  7:40  Probe x2  
  97  7:44  Stalker x2  
  101  7:52  Probe  
  101  7:56  Photon Cannon  
  102  7:58  Shield Battery, Pylon  
  102  7:59  Probe, Photon Cannon  
  102  8:02  Pylon  
  102  8:04  Probe  
  102  8:05  Protoss Ground Weapons Level 2 (Chrono Boost)  
  104  8:18  Stalker  
  104  8:19  Stalker x4  
  114  8:21  Probe x2  
  114  8:22  Probe  
  117  8:28  Disruptor x2  
  117  8:31  Charge  
  121  8:42  Gateway, Probe  
  121  8:43  Gateway, Probe x2  
  124  8:57  Stalker x3  
  124  8:58  Stalker x2  
  127  9:16  Stalker  
  127  9:22  Stalker  
  127  9:23  Stalker x2  
  133  9:28  Pylon  
  133  9:29  Pylon  
  133  9:31  Pylon  
  133  9:32  Pylon x2  
  133  9:50  Disruptor (Chrono Boost)  
  133  9:51  Stalker x5  
  133  9:52  Stalker  
  145  9:53  Gateway x2  
  148  10:02  Observer (Chrono Boost)  
  149  10:08  Gateway  
  149  10:11  Templar Archives  
  149  10:14  Nexus  
  149  10:17  Pylon  
  149  10:22  Disruptor x2 (Chrono Boost)  
  155  10:34  Zealot  
  157  10:37  Pylon  
  155  10:48  Zealot, Protoss Ground Weapons Level 3 (Chrono Boost)  
  155  10:49  Zealot x7  
  165  11:05  Disruptor x2  
  165  11:09  Pylon  
  171  11:24  Pylon  
  169  11:25  Pylon  
  169  11:28  Photon Cannon  
  169  11:30  Nexus, Photon Cannon  
  169  11:32  Shield Battery  
  163  11:52  Zealot x9  
  179  12:03  Zealot  
  167  12:10  Pylon  
  163  12:22  Disruptor x2  
  169  12:31  Zealot x5  
  169  12:32  Zealot x4  
  183  12:42  Oracle  
  154  12:58  Zealot x2  
  154  12:59  Zealot x8  
  170  13:11  Observer  
  171  13:26  High Templar x9  
  171  13:27  High Templar  
  186  13:31  Archon x3  
  186  13:32  Archon x2  
  186  13:37  Gravitic Boosters  
  180  13:58  Zealot  
  180  13:59  Zealot x8  
  186  14:04  Observer  
  179  14:12  Psionic Storm  
  179  14:13  Nexus  
  177  14:17  Pylon  
  177  14:23  High Templar x5  
  183  14:44  Zealot x4  
  174  15:00  Zealot x5  
  149  15:20  Zealot  
  126  15:25  High Templar x2  
  126  15:26  High Templar x5  
  133  15:33  Probe x2  
  133  15:34  Probe x2  
  136  15:43  Archon x3  
  136  15:48  Zealot  
  136  15:49  Probe x3  
  141  15:51  Probe  
  141  15:53  Disruptor (Chrono Boost)  
  141  15:54  Disruptor (Chrono Boost)  
  145  15:58  Zealot  
  145  15:59  Zealot x2  
  148  16:13  Zealot x3  
  148  16:14  Zealot  
  148  16:37  Zealot x6  
  160  16:45  Assimilator  
  160  16:46  Assimilator  
  156  16:54  Pylon  
  150  16:56  Photon Cannon  
  150  16:57  High Templar x4  
  157  17:01  Observer (Chrono Boost), Archon  
  157  17:02  Archon  
  157  17:04  Observer (Chrono Boost)  
  158  17:15  Zealot  
  148  17:47  Zealot x8  
  126  18:07  High Templar x4  
  126  18:08  High Templar x3  
  120  18:44  Zealot  
  120  18:45  Zealot x5  
  117  19:13  Observer  
  108  19:22  Archon  

Tags
 
Add a new tag
Caveats
  • Supply blocks, unpowered buildings, or Contaminate may cause inaccurate times.
  • Supply counts are checked every 10 seconds.